Map: Ascension to Aiur LE

Players

Serral - Winner!

  • Race: Zerg Zerg
  • League: Grandmaster
  • Spawn Location: 11:00

Starbuck

  • Race: Zerg Zerg
  • League: Grandmaster
  • Spawn Location: 5:00

Event: WESG Barcelona European Finals 2017

VOD

Have the link to the VOD?

Description

Time

  • Played on: Nov. 24, 2017, 9:51 a.m.
  • Length: 5:07

All games in this series

Show
View Real Time Build Order
Export as new Build Order

Serral Zerg - Winner!

Build Orders: Hatch First, Zergling Baneling 

Get SALT Encoding   

  12  0:00  Drone  
  13  0:13  Overlord  
  13  0:16  Drone  
  14  0:31  Drone x2  
  16  0:35  Drone  
  17  0:52  Hatchery  
  17  0:55  Drone  
  17  0:58  Drone  
  18  1:09  Extractor  
  17  1:13  Spawning Pool  
  17  1:16  Drone  
  17  1:19  Drone  
  18  1:28  Drone  
  19  1:38  Overlord  
  19  1:51  Drone  
  20  2:00  Queen  
  23  2:01  Zergling x2  
  23  2:03  Queen  
  23  2:04  Zergling x2  
  26  2:08  Metabolic Boost  
  26  2:14  Spine Crawler  
  25  2:21  Zergling x2, Spine Crawler  
  25  2:26  Zergling x2  
  26  2:32  Zergling x4  
  26  2:46  Zergling x4  
  26  2:50  Zergling x4  
  25  2:54  Zergling x2  
  26  3:03  Baneling Nest  
  25  3:14  Queen  
  27  3:22  Drone  
  27  3:23  Drone  
  29  3:27  Drone  
  29  3:43  Drone x3  
  29  3:46  Baneling x2  
  33  3:55  Drone x2  
  33  3:56  Drone  
  35  4:05  Overlord  
  35  4:15  Overlord  
  35  4:28  Baneling  
  35  4:29  Baneling x3  
  35  4:30  Drone  
  35  4:35  Zergling x4  
  35  4:36  Zergling x4  
  35  4:38  Baneling x2  
  38  4:40  Zergling x6  
  41  4:49  Baneling x2  
Show
View Real Time Build Order
Export as new Build Order

Starbuck Zerg 

Build Orders: 1 Base Baneling Bust, Pool First, Zergling Baneling 

Get SALT Encoding   

  12  0:00  Drone  
  13  0:14  Extractor  
  12  0:23  Spawning Pool  
  12  0:28  Drone  
  12  0:33  Drone  
  13  0:37  Drone  
  14  0:49  Overlord  
  14  1:10  Zergling x4  
  14  1:11  Zergling x2  
  17  1:14  Metabolic Boost  
  17  1:22  Zergling x2  
  18  1:33  Zergling x2  
  18  1:34  Baneling Nest  
  18  1:46  Queen  
  20  1:51  Zergling x2  
  21  2:01  Overlord  
  21  2:06  Zergling x2  
  22  2:19  Baneling x2  
  23  2:22  Zergling x2  
  23  2:26  Zergling x2  
  24  2:47  Zergling x2  
  22  2:54  Zergling x8  
  22  3:13  Baneling  
  22  3:15  Baneling  
  22  3:16  Hatchery  
  21  3:21  Zergling x2  
  21  3:24  Zergling x2  
  23  3:31  Zergling x2  
  23  3:33  Zergling x2  
  25  3:41  Zergling x2  
  25  3:43  Zergling x2  
  26  3:53  Overlord  
  26  4:11  Zergling x2  
  26  4:12  Zergling x4  
  26  4:13  Zergling x2  
  30  4:20  Zergling x2  
  31  4:27  Zergling x2  
  31  4:31  Baneling x2  
  33  4:36  Baneling x4  
  31  4:47  Zergling x4  
  31  4:49  Zergling x2  
Tags
 
Add a new tag
Caveats
  • Supply blocks, unpowered buildings, or Contaminate may cause inaccurate times.
  • Supply counts are checked every 10 seconds.